 Dungeon Crawl Stone Soup version 0.16.2-2-g470672f (webtiles) character file.

105 poirepourri the Shooter (level 4, -3/30 HPs)
             Began as a High Elf Hunter on Aug 25, 2015.
             Slain by SquirrelVicious' ghost (10 damage)
             ... on level 3 of the Dungeon.
             The game lasted 00:06:26 (2430 turns).

poirepourri the Shooter (High Elf Hunter)           Turns: 2430, Time: 00:06:26

Health: -3/30      AC:  9    Str: 11    XL:     4   Next: 53%
Magic:  7/7        EV:  5    Int: 14    God:
Gold:   161        SH:  0    Dex: 17    Spells: 0 memorised, 3 levels left

rFire  . . .     SeeInvis .     a - +0 short sword
rCold  . . .     Clarity  .     h - +1 chain mail {rPois}
rNeg   . . .     SustAb   .     (no shield)
rPois  +         Gourm    .     (no helmet)
rElec  .         Spirit   .     (no cloak)
rCorr  .         Warding  .     (no gloves)
rMut   .         Stasis   .     (no boots)
MR     .....                    (no amulet)
Stlth  ..........               (no ring)
                                (no ring)

@: not resistant to hostile enchantments, extremely unstealthy
A: sense surroundings 1, poison resistance, spit poison 1
a: Spit Poison


You were on level 3 of the Dungeon.
You were not hungry.

You visited 1 branch of the dungeon, and saw 3 of its levels.

You collected 161 gold pieces.

Inventory:

Hand weapons
 a - a +0 short sword (weapon)
 b - a +1 shortbow
 o - a +2 short sword of speed
Armour
 d - a +0 leather armour
 h - a +1 chain mail of poison resistance (worn)
Scrolls
 k - a scroll of remove curse
Comestibles
 f - a bread ration
 r - 4 fruits


   Skills:
 * Level 2.6 Fighting
 + Level 0.2 Short Blades
 + Level 7.0 Bows
 + Level 0.8 Armour
 + Level 2.6 Dodging
 + Level 1.1 Stealth


You had 3 spell levels left.
You didn't know any spells.

Dungeon Overview and Level Annotations

Branches:
Dungeon (3/15)

Altars:
Gozag
Zin

Annotations:
D:3 SquirrelVicious' ghost, average HOFi


Innate Abilities, Weirdness & Mutations

You passively map a small area around you.
Your system is resistant to poisons.
You can spit poison.


Message History

SquirrelVicious' ghost is lightly damaged.
SquirrelVicious' ghost hits you.
You hit SquirrelVicious' ghost but do no damage.
SquirrelVicious' ghost is lightly damaged.
SquirrelVicious' ghost hits you but does no damage.
You hit SquirrelVicious' ghost.
SquirrelVicious' ghost is lightly damaged.
SquirrelVicious' ghost hits you.
You hit SquirrelVicious' ghost but do no damage.
SquirrelVicious' ghost is lightly damaged.
SquirrelVicious' ghost hits you.
* * * LOW HITPOINT WARNING * * *
You hit SquirrelVicious' ghost but do no damage.
SquirrelVicious' ghost is lightly damaged.
SquirrelVicious' ghost hits you but does no damage.
You hit SquirrelVicious' ghost but do no damage.
SquirrelVicious' ghost is lightly damaged.
SquirrelVicious' ghost hits you but does no damage.
SquirrelVicious' ghost hits you!
You die...

..........#..# #.# ...
#....<รท#####.## ,
...##.............####
***......>..######.#....#
#####......# #.####.######
#...((...((### #.# #......##
#.####.......# #.# ######...
###.# #.#####W## #.# ###. #...#
#.# *#.@###.### ###. #.###
#....$.#.......## ##... ##.#
######..........# ##.... ##.#
#####......####..... ...##
#......#....#### #...#
#........###.... ###.#
##....#.###..... # #.###
##.##..##......
###...##############..#.###......


You could see SquirrelVicious' ghost.

Vanquished Creatures
  5 adders (D:2)
  An ooze (D:1)
  A ball python (D:1)
  3 giant cockroaches
  8 hobgoblins
  12 jackals
  6 kobolds
  7 bats
  2 giant geckos
  4 giant newts
  3 goblins
  5 rats
  A butterfly (D:3)
58 creatures vanquished.

Notes
Turn   | Place    | Note
--------------------------------------------------------------
     0 | D:1      | poirepourri, the High Elf Hunter, began the quest for the Orb.
     0 | D:1      | Reached XP level 1. HP: 14/14 MP: 2/2
   330 | D:1      | Reached XP level 2. HP: 19/19 MP: 3/3
   571 | D:1      | Reached skill level 6 in Bows
   810 | D:2      | Gained mutation: Your system is resistant to poisons. [potion of mutation]
   810 | D:2      | Gained mutation: You passively map a small area around you. [potion of mutation]
  1108 | D:2      | Reached XP level 3. HP: 24/24 MP: 5/5
  1532 | D:2      | Reached XP level 4. HP: 24/30 MP: 7/7
  1590 | D:2      | Found an opulent altar of Gozag.
  1590 | D:2      | Found a glowing silver altar of Zin.
  1731 | D:2      | Reached skill level 7 in Bows
  2042 | D:3      | Noticed SquirrelVicious' ghost (average HOFi)
  2409 | D:3      | Gained mutation: You can spit poison. [potion of mutation]
  2409 | D:3      | Gained mutation: Your spells are a little harder to cast, but a little more powerful. [potion of mutation]
  2409 | D:3      | Lost mutation: Your spells are a little harder to cast, but a little more powerful. [potion of mutation]
  2430 | D:3      | Slain by SquirrelVicious' ghost

Action                   |  1- 3 |  4- 6 || total
-------------------------+-------+-------++-------
Melee: Short sword       |    34 |   101 ||   135
 Fire: Shortbow          |    93 |    23 ||   116
 Abil: Spit Poison       |       |     1 ||     1
  Use: Potion            |     3 |     3 ||     6
       Scroll            |       |     7 ||     7
  Eat: Meat ration       |     1 |       ||     1
